 Dungeon Crawl Stone Soup version 0.13-a0-1553-g7307ddf (webtiles) character file.

91920 Kae the Bludgeoner (level 15, -2/202 HPs)
             Began as a Minotaur Berserker on June 10, 2013.
             Was the Champion of Trog.
             Shot with an arrow by a centaur warrior (13 damage)
             ... on Level 1 of the Vaults.
             The game lasted 01:18:40 (30232 turns).

Kae the Bludgeoner (Minotaur Berserker)            Turns: 30232, Time: 01:18:41

HP  -2/202       AC 29     Str 29      XL: 15   Next: 51%
MP   0/24        EV 11     Int  2      God: Trog [******]
Gold 2610        SH 43     Dex 17      Spells:  0 memorised, 14 levels left

Res.Fire  : . . .   See Invis. : .   y - +0,+6 demon whip (drain)
Res.Cold  : + . .   Warding    : .   o - +4 plate armour "Hamowynn" {Dex+3 Int-2}
Life Prot.: + . .   Conserve   : .   I - +1 large shield
Res.Poison: .       Res.Corr.  : .   (helmet restricted)
Res.Elec. : .       Clarity    : .   t - +1 cloak of Atheism {MR++ Dam-2}
Sust.Abil.: . .     Spirit.Shd : +   j - +1 pair of elf gauntlets {rC+}
Res.Mut.  : .       Stasis     : .   G - +2 pair of boots {Fly}
Res.Rott. : .       Flight     : .   A - amulet of guardian spirit
Saprovore : . . .                    b - ring of life protection
                                     S - ring of protection from magic

@: regenerating, berserking, very quick, incredibly resistant to hostile
enchantments, extremely unstealthy
A: retaliatory headbutt, horns 2
a: Burn Spellbooks, Berserk, Trog's Hand, Brothers in Arms, Renounce Religion,
Evoke Flight


You were on level 1 of the Vaults.
You worshipped Trog.
Trog was exalted by your worship.
You were not hungry.

You visited 4 branches of the dungeon, and saw 28 of its levels.
You also visited: Labyrinth and Ice Cave.

You collected 3238 gold pieces.
You spent 648 gold pieces at shops.

Inventory:

Hand weapons
 a - a +0,+4 anti-magic mace
 v - a +4,+3 morningstar of holy wrath
 y - a +0,+6 demon whip of draining (weapon)
 V - a +6,+4 dire flail of protection
Armour
 f - a +2 dwarven buckler of cold resistance
 j - a +1 pair of elven gauntlets of cold resistance (worn)
 o - the +4 plate armour "Hamowynn" (worn) {Dex+3 Int-2}
   (You found it in a labyrinth)

   It affects your intelligence (-2).
   It affects your dexterity (+3).
 t - the +1 cloak of Atheism (worn) {MR++ Dam-2}
   (You found it on level 8 of the Lair of Beasts)

   It affects your damage-dealing abilities (-2).
   It affects your resistance to hostile enchantments.
 B - the -1 plate armour of the Suburbs {Int+3}
   (You acquired it on level 1 of the Vaults)

   It affects your intelligence (+3).
 E - the +1 leather armour of Geanil {Str+3 Int+3}
   (You bought it in a shop on level 5 of the Dungeon)

   It affects your strength (+3).
   It affects your intelligence (+3).
 G - a +2 pair of boots of flying (worn)
 I - a +1 large shield (worn)
 L - a +2 cloak of preservation
Magical devices
 p - a wand of teleportation (2)
 w - a wand of draining (3) {unknown}
 C - a wand of disintegration (7)
 O - a wand of lightning (2) {unknown}
 R - a wand of disintegration (10)
 Y - a wand of fireball (3) {unknown}
Comestibles
 c - 8 bread rations
 m - 9 meat rations
 U - a choko
Scrolls
 h - 7 scrolls of remove curse
 l - 4 scrolls of fog
 u - 10 scrolls of teleportation
 F - 5 scrolls of fear
 H - a scroll of enchant weapon III {unknown}
 J - a scroll of enchant weapon II
 P - 2 scrolls of blinking
 Z - a scroll of magic mapping
Jewellery
 b - a ring of life protection (right hand)
 e - an uncursed ring of protection from cold
 s - an uncursed ring of protection from fire {unknown}
 x - an uncursed ring of sustain abilities
 A - an amulet of guardian spirit (around neck)
 D - an uncursed ring of see invisible
 K - an uncursed ring of sustain abilities
 N - an uncursed ring of ice
 Q - an uncursed amulet of warding
 S - a ring of protection from magic (left hand)
 T - an uncursed amulet of clarity {unknown}
Potions
 d - 2 potions of agility
 i - 10 potions of curing
 n - 2 potions of might
 q - a potion of mutation {unknown}
 r - 2 potions of resistance
 M - 5 potions of restore abilities
 X - a potion of cure mutation {unknown}
Miscellaneous
 g - an ornate deck of defence {Metamorphosis}
 k - a plain deck of war {Pain}


   Skills:
 + Level 15.0 Fighting
 + Level 18.0 Maces & Flails
 + Level 14.2 Armour
 + Level 13.5 Dodging
 * Level 13.1 Shields
 + Level 5.1 Traps
 + Level 10.1 Evocations


You had 14 spell levels left.
You didn't know any spells.

Dungeon Overview and Level Annotations

Branches:
Dungeon (15/27)            Temple (0/1) D:7             Orc (4/4) D:8
    Elf (0/3) Orc:3          Lair (8/8) D:10         Shoals (0/5) Lair:5
  Snake (0/5) Lair:3        Slime (0/6) Lair:8       Vaults (1/5) D:15

Altars:
Ashenzari
Cheibriados
Nemelex Xobeh
Sif Muna
Trog
Xom
Yredelemnul
the Shining One

Shops:
D:5: * D:6: ?%* D:11: [ D:13: % Orc:1: [ Orc:3: * Orc:4: %/[[==

Annotations
D:8 exclusions: lava snake and 3 more exclusions
Lair:8 2 exclusions
Vaults:1 Wiglaf


Innate Abilities, Weirdness & Mutations

You reflexively headbutt those who attack you in melee.
You have a pair of horns on your head.


Message History

Wiglaf blocks your attack. The centaur warrior misses you.
You furiously retaliate!
You headbutt the centaur warrior!
Wiglaf hits you with a runed dwarven broad axe!
* * * LOW HITPOINT WARNING * * *
The hill giant closely misses you. You furiously retaliate!
You headbutt the hill giant!! You block the yaktaur's attack.
The deep elf knight gestures at you while chanting.
You resist.
You whack Wiglaf!
Wiglaf is lightly wounded.
Unknown command.
The centaur warrior wields a longbow.
The centaur warrior shoots an arrow.
The arrow hits you! You block the yaktaur's attack.
The deep elf knight mumbles some strange words.
The deep elf knight blinks!
You see here an arrow.
You feel a strong urge to attack something.
The centaur warrior shoots an arrow.
The arrow hits you!
You die...

.......................#
q.......#+########......#
#........#........#......#
#........#........#......#
#........#........#......#
#........#........#......#
#......%.#....>...#......#
#........#........#......#
#........###@######......#
#.........q(.............#
#........ยง.c.########....#
#........c)C.# ...@ #....#
########.....#..... #....#
#......#.....#..... #....#
#......'.....#......#....#
#...>..#.....#......#....#
......#.....#......#....#


You could see Wiglaf, a hill giant, a centaur warrior and a yaktaur.

Vanquished Creatures
  2 vault wardens (Vaults:1)
  The ghost of EuServersOMG the Severer, a powerful LOCK of Xom (D:13)
  A minotaur (Lab)
  2 ogre magi (Orc:4)
  Harold (Lair:2)
  2 dragons (Vaults:1)
  5 hydras
  Fannar (D:14)
  10 death yaks (Lair:8)
  7 centaur warriors
  Nergalle (Lair:3)
  Erolcha (Orc:1)
  Erica (Orc:3)
  A deep troll (Orc:4)
  2 ice devils (IceCv)
  2 deep elf knights (Vaults:1)
  3 catoblepae (Lair:8)
  2 unseen horrors
  2 ice statues (IceCv)
  Pikel (D:9)
  5 hill giants
  2 ironbrand convokers (Vaults:1)
  5 cyclopes
  2 iron trolls
  4 oklob plants
  A giant amoeba (D:14)
  4 black mambas
  16 elephants
  2 orc knights
  A griffon (Lair:7)
  9 slime creatures
  2 elephant slugs (Lair:7)
  A hill giant zombie (D:14)
  15 spiny frogs
  10 komodo dragons
  5 yaktaurs (Vaults:1)
  A spriggan (D:8)
  8 ugly things
  An iron troll simulacrum (Vaults:1)
  6 blue devils (IceCv)
  An item mimic (D:13)
  Prince Ribbit (D:9)
  11 trolls
  6 two-headed ogres (Orc:4)
  An air elemental (Vaults:1)
  9 blink frogs
  A basilisk (Lair:4)
  A polar bear (Lair:8)
  2 shadows
  2 grizzly bears
  A vampire (Vaults:1)
  28 yaks
  3 vampire mosquitoes (D:12)
  2 wraiths (Vaults:1)
  2 fire drakes
  2 wyverns
  3 steam dragons
  Eustachio (D:10)
  8 hungry ghosts
  Grum (D:9)
  A deep elf fighter (Vaults:1)
  A hippogriff (shapeshifter) (Vaults:1)
  3 sharks
  7 hippogriffs
  2 yaktaur zombies
  4 swamp worms (Lair:4)
  7 war dogs
  A cyclops zombie (D:15)
  Menkaure (D:7)
  3 manticores
  A manticore zombie (D:14)
  A necrophage (D:11)
  17 orc warriors
  13 ice beasts
  3 slaves (D:9)
  A soldier ant (Vaults:1)
  4 sky beasts
  A troll zombie (D:10)
  2 cyclops skeletons
  A hippogriff zombie (D:7)
  4 phantoms
  23 ogres
  A boring beetle (Lair:8)
  A yak skeleton (D:11)
  2 boulder beetles
  A hippogriff skeleton (D:10)
  A yellow wasp (D:14)
  4 big kobolds
  17 crocodiles
  4 nagas (Lair:3)
  A warg (Orc:4)
  A centaur zombie (D:7)
  9 giant frogs
  5 giant slugs
  19 centaurs
  15 water moccasins
  A deep elf mage (Vaults:1)
  2 brain worms
  A basilisk zombie (D:12)
  A soldier ant zombie (D:12)
  A giant frog zombie (D:8)
  2 giant frog skeletons
  9 agate snails
  2 eyes of draining
  8 killer bees
  3 jellyfish
  A quasit (D:14)
  A big kobold zombie (D:13)
  7 hounds
  24 wights
  5 electric eels (D:11)
  2 lava snakes (D:8)
  4 big fish (D:11)
  9 crimson imps
  A hound zombie (D:11)
  15 orc priests
  9 iguanas
  An iron imp (D:10)
  4 scorpions
  7 worker ants
  A hound skeleton (D:7)
  21 orc wizards
  A porcupine (Lair:4)
  9 sheep
  3 jellies
  2 boggarts (Vaults:1)
  57 green rats
  8 giant centipedes
  An adder zombie (D:6)
  3 giant mites
  22 adders
  A shadow imp (D:10)
  6 white imps (IceCv)
  10 worms
  6 ufetubi (IceCv)
  A gnoll skeleton (D:4)
  A giant eyeball (D:5)
  2 giant geckos
  3 oozes
  208 orcs
  19 goblins
  25 hobgoblins
  23 jackals
  36 kobolds
  8 quokkas
  2 spectral orcs
  23 bats
  2 giant cockroaches
  7 giant newts
  A hobgoblin skeleton (D:5)
  A quokka skeleton (D:4)
  22 rats
  A ballistomycete (D:8)
  A bush (Lair:6)
  A butterfly (D:7)
  A plant (Lair:7)
1075 creatures vanquished.

Vanquished Creatures (others)
  An electric eel (D:11)
  2 boggarts (Vaults:1)
  A green rat (Lair:3)
  5 ufetubi (IceCv)
  4 orcs
  A hobgoblin (D:9)
  A jackal (Lair:4)
  A giant spore (D:8)
  8 fungi
  4 plants (Lair:8)
28 creatures vanquished.

Grand Total: 1103 creatures vanquished

Notes
Turn   | Place    | Note
--------------------------------------------------------------
     0 | D:1      | Kae, the Minotaur Berserker, began the quest for the Orb.
     0 | D:1      | Reached XP level 1. HP: 19/19 MP: 0/0
    29 | D:1      | Reached skill level 4 in Maces & Flails
   102 | D:1      | Reached XP level 2. HP: 21/26 MP: 0/0
   173 | D:1      | Acquired Trog's second power
   571 | D:1      | Reached XP level 3. HP: 30/33 MP: 1/1
   774 | D:2      | Found a snail-covered altar of Cheibriados.
  1262 | D:2      | Reached skill level 5 in Maces & Flails
  1664 | D:3      | Reached XP level 4. HP: 24/40 MP: 1/1
  1737 | D:3      | Found a shattered altar of Ashenzari.
  2588 | D:4      | Reached XP level 5. HP: 32/46 MP: 1/1
  2781 | D:4      | Reached skill level 6 in Maces & Flails
  2921 | D:4      | Acquired Trog's third power
  2921 | D:4      | Reached XP level 6. HP: 44/53 MP: 2/2
  3125 | D:4      | Found a basalt altar of Yredelemnul.
  3216 | D:5      | Entered Level 5 of the Dungeon
  3229 | D:5      | Found a shimmering altar of Xom.
  3309 | D:5      | Paralysed by a giant eyeball for 3 turns
  3341 | D:5      | Reached skill level 5 in Fighting
  3474 | D:5      | Found Xilyur's Assorted Antiques.
  3483 | D:5      | Bought a steaming leather armour for 168 gold pieces
  3491 | D:5      | Identified the +1 leather armour of Geanil {Str+3 Int+3} (You bought it in a shop on level 5 of the Dungeon)
  3655 | D:5      | Reached skill level 7 in Maces & Flails
  3655 | D:5      | Reached XP level 7. HP: 28/60 MP: 2/2
  4149 | D:6      | Found Eraonaem's General Store.
  4193 | D:6      | Found Froamang's Magic Scroll Boutique.
  4202 | D:6      | Bought a scroll of enchant armour for 60 gold pieces
  4202 | D:6      | Bought a scroll of identify for 22 gold pieces
  4216 | D:6      | Found Prius' Food Shop.
  4470 | D:6      | Found a shattered altar of Ashenzari.
  4482 | D:6      | Found a bloodstained altar of Trog.
  4585 | D:6      | Paralysed by you for 2 turns
  4743 | D:7      | Noticed Menkaure
  4750 | D:7      | Killed Menkaure
  4750 | D:7      | Reached skill level 5 in Armour
  4753 | D:7      | Reached skill level 8 in Maces & Flails
  4753 | D:7      | Reached skill level 5 in Dodging
  4753 | D:7      | Reached XP level 8. HP: 68/68 MP: 2/2
  5031 | D:7      | Found a glowing golden altar of the Shining One.
  5032 | D:7      | Found a staircase to the Ecumenical Temple.
  5132 | D:7      | Reached skill level 9 in Maces & Flails
  5459 | D:7      | Found a sparkling altar of Nemelex Xobeh.
  5605 | D:7      | Reached XP level 9. HP: 69/75 MP: 3/3
  6075 | D:8      | Found a deep blue altar of Sif Muna.
  6156 | D:8      | Reached skill level 10 in Maces & Flails
  6471 | D:8      | Found a staircase to the Orcish Mines.
  6967 | D:9      | Noticed Prince Ribbit
  6972 | D:9      | Killed Prince Ribbit
  7273 | D:9      | Noticed Grum
  7282 | D:9      | Reached skill level 11 in Maces & Flails
  7283 | D:9      | Reached XP level 10. HP: 64/85 MP: 3/3
  7293 | D:9      | Killed Grum
  7555 | D:9      | Noticed Pikel
  7570 | D:9      | Killed Pikel
  8087 | D:9      | Reached XP level 9. HP: 48/78 MP: 0/3
  8104 | D:9      | Reached XP level 10. HP: 28/85 MP: 1/3
  8527 | D:10     | Entered Level 10 of the Dungeon
  8534 | D:10     | Noticed Eustachio
  8548 | D:10     | Reached XP level 9. HP: 94/117 MP: 1/3
  8549 | D:10     | Killed Eustachio
  8549 | D:10     | Reached skill level 12 in Maces & Flails
  8552 | D:10     | Reached XP level 10. HP: 86/86 MP: 1/3
  8556 | D:10     | Reached XP level 9. HP: 87/117 MP: 0/3
  8840 | D:10     | Found a staircase to the Lair.
  8956 | D:10     | Noticed a hill giant
  9397 | D:10     | Killed a hill giant
  9397 | D:10     | Reached XP level 10. HP: 86/86 MP: 2/3
 10155 | D:11     | Found a labyrinth entrance.
 10167 | Lab      | Entered a labyrinth
 10665 | Lab      | Found an exit through the horrors of the Abyss.
 10756 | Lab      | Found an exit through the horrors of the Abyss.
 10806 | Lab      | Noticed a minotaur
 10812 | Lab      | Killed a minotaur
 10812 | Lab      | Reached skill level 10 in Fighting
 10812 | Lab      | Reached skill level 13 in Maces & Flails
 10818 | Lab      | Got a sapphire dagger
 10820 | Lab      | Got a fine hand axe
 10824 | Lab      | Got a transparent plate armour
 10834 | D:11     | Identified the +4 plate armour "Hamowynn" {Dex+3 Int-2} (You found it in a labyrinth)
 10835 | D:11     | Identified the cursed +0,-1 hand axe of Hell's Wrath {drain, rN+} (You found it in a labyrinth)
 10836 | D:11     | Identified the +1,+5 dagger of Ciot {stab, +Inv +Fly rC+} (You took it off a minotaur in a labyrinth)
 11039 | D:11     | Noticed a cyclops
 11072 | D:11     | Killed a cyclops
 11196 | D:11     | Reached skill level 1 in Evocations
 11501 | D:11     | Found Ploatup's Antique Armour Shop.
 11515 | D:11     | Bought a runed cloak for 38 gold pieces
 11519 | D:11     | Identified a +1 cloak of preservation (You bought it in a shop on level 11 of the Dungeon)
 11880 | D:11     | Received a gift from Trog
 12271 | D:11     | Reached XP level 11. HP: 85/95 MP: 7/7
 12434 | D:12     | Reached XP level 10. HP: 75/88 MP: 5/6
 12626 | D:12     | Reached skill level 14 in Maces & Flails
 12647 | D:12     | Reached XP level 11. HP: 82/95 MP: 6/8
 12849 | Lair:1   | Entered Level 1 of the Lair of Beasts
 12963 | Lair:1   | Reached skill level 10 in Armour
 13445 | Lair:2   | Noticed Harold
 13454 | Lair:2   | Killed Harold
 13558 | Lair:2   | Reached skill level 10 in Dodging
 13670 | Lair:2   | Received a gift from Trog
 14676 | Lair:3   | Reached skill level 15 in Maces & Flails
 14685 | Lair:3   | Received a gift from Trog
 14823 | Lair:3   | Found a staircase to the Snake Pit.
 15214 | Lair:3   | Noticed Nergalle
 15230 | Lair:3   | Killed Nergalle
 15230 | Lair:3   | Reached skill level 5 in Evocations
 15393 | Lair:4   | Reached XP level 12. HP: 105/105 MP: 14/14
 15953 | Lair:4   | Lost intelligence.
 16310 | Lair:4   | Received a gift from Trog
 16637 | Lair:5   | Reached skill level 16 in Maces & Flails
 16956 | Lair:5   | Found a staircase to the Shoals.
 17806 | Lair:6   | Reached skill level 1 in Shields
 18107 | Lair:6   | Received a gift from Trog
 18909 | Lair:7   | Received a gift from Trog
 19398 | Lair:5   | Noticed a five-headed hydra
 19406 | Lair:5   | Killed a five-headed hydra
 19699 | Lair:8   | Entered Level 8 of the Lair of Beasts
 19711 | Lair:8   | Reached skill level 5 in Shields
 19845 | Lair:8   | Noticed a seven-headed hydra
 19849 | Lair:8   | Noticed a six-headed hydra
 19854 | Lair:8   | Killed a seven-headed hydra
 19858 | Lair:8   | Killed a six-headed hydra
 19858 | Lair:8   | Reached XP level 13. HP: 114/114 MP: 17/18
 20350 | Lair:8   | Noticed a catoblepas
 20374 | Lair:8   | Killed a catoblepas
 20427 | Lair:8   | Found a staircase to the Slime Pits.
 20520 | Lair:8   | Noticed a four-headed hydra
 20535 | Lair:8   | Killed a four-headed hydra
 20858 | Lair:8   | Received a gift from Trog
 20972 | Lair:8   | Noticed a death yak
 20972 | Lair:8   | Noticed a death yak
 20988 | Lair:8   | Killed a death yak
 20994 | Lair:8   | Killed a death yak
 21170 | Lair:8   | Noticed a death yak
 21174 | Lair:8   | Noticed a death yak
 21182 | Lair:8   | Killed a death yak
 21190 | Lair:8   | Killed a death yak
 21195 | Lair:8   | Reached skill level 17 in Maces & Flails
 21233 | Lair:8   | Noticed a death yak
 21233 | Lair:8   | Noticed a death yak
 21242 | Lair:8   | Killed a death yak
 21246 | Lair:8   | Killed a death yak
 21260 | Lair:8   | Noticed a catoblepas
 21275 | Lair:8   | Killed a catoblepas
 21472 | Lair:8   | Noticed a death yak
 21474 | Lair:8   | Noticed a catoblepas
 21483 | Lair:8   | Killed a death yak
 21510 | Lair:8   | Killed a catoblepas
 21555 | Lair:8   | Got a bloodstained cloak
 21598 | Lair:8   | Noticed a death yak
 21598 | Lair:8   | Noticed a death yak
 21598 | Lair:8   | Noticed a death yak
 21604 | Lair:8   | Killed a death yak
 21610 | Lair:8   | Killed a death yak
 21614 | Lair:8   | Killed a death yak
 22122 | Lair:2   | Identified the +1 cloak of Atheism {MR++ Dam-2} (You found it on level 8 of the Lair of Beasts)
 22268 | Orc:1    | Entered Level 1 of the Orcish Mines
 22268 | Orc:1    | Found Doufriph's Antique Armour Emporium.
 22375 | Orc:1    | Received a gift from Trog
 22464 | Orc:1    | Noticed Erolcha
 22472 | Orc:1    | Killed Erolcha
 22894 | Orc:3    | Noticed Erica
 22916 | Orc:3    | Killed Erica
 22968 | Orc:3    | Found Clueguer's General Store.
 22981 | Orc:3    | Reached XP level 14. HP: 95/124 MP: 15/21
 22997 | Orc:3    | Received a gift from Trog
 23351 | Orc:2    | Reached skill level 10 in Shields
 23727 | Orc:4    | Entered Level 4 of the Orcish Mines
 23727 | Orc:4    | Found Khittu Saxu's Food Emporium.
 23773 | Orc:4    | Received a gift from Trog
 23840 | Orc:4    | Reached skill level 1 in Traps
 24079 | Orc:4    | Received a gift from Trog
 24170 | Orc:4    | Found a frozen archway.
 24217 | IceCv    | Entered an ice cave
 24644 | Orc:4    | Found Xithagui's Jewellery Shop.
 24679 | Orc:4    | Bought an uncursed ring of life protection for 360 gold pieces
 24735 | Orc:4    | Found Toeruc's Antique Armour Boutique.
 24741 | Orc:4    | Found Yji Maka's Magical Wand Boutique.
 24755 | Orc:4    | Received a gift from Trog
 25118 | Orc:4    | Found Klarag's Jewellery Shoppe.
 25146 | Orc:4    | Found Gueddaitt's Antique Armour Shop.
 25560 | Orc:3    | Found a staircase to the Elven Halls.
 25953 | D:12     | Noticed a hill giant
 25971 | D:12     | Killed a hill giant
 26257 | D:12     | Received a gift from Trog
 26341 | D:13     | Found Baexta's Food Shop.
 26378 | D:13     | Noticed an unseen horror
 26382 | D:13     | Killed an unseen horror
 26392 | D:13     | Noticed EuServersOMG's ghost (powerful LOCK)
 26418 | D:13     | Killed EuServersOMG's ghost
 26856 | D:14     | Entered Level 14 of the Dungeon
 27229 | D:14     | Noticed Fannar
 27238 | D:14     | Killed Fannar
 27890 | D:15     | Entered Level 15 of the Dungeon
 27934 | D:15     | Received a gift from Trog
 28532 | D:15     | Reached XP level 15. HP: 134/134 MP: 24/24
 28571 | D:15     | Found a staircase to the Vaults.
 28933 | Vaults:1 | Entered Level 1 of the Vaults
 29310 | Vaults:1 | Noticed a vault warden
 29330 | Vaults:1 | Killed a vault warden
 29330 | Vaults:1 | Reached skill level 10 in Evocations
 29392 | Vaults:1 | Noticed a vault warden
 29414 | Vaults:1 | Killed a vault warden
 29705 | Vaults:1 | Received a gift from Trog
 29748 | Vaults:1 | Noticed Wiglaf
 29776 | Vaults:1 | Noticed a vault warden
 29778 | Vaults:1 | Noticed a lich
 29807 | Vaults:1 | Reached skill level 5 in Traps
 29812 | Vaults:1 | Reached skill level 18 in Maces & Flails
 29986 | Vaults:1 | Identified 2 scrolls of acquirement
 29987 | Vaults:1 | Got a polished plate armour
 30012 | Vaults:1 | Identified the -1 plate armour of the Suburbs {Int+3} (You acquired it on level 1 of the Vaults)
 30228 | Vaults:1 | Reached skill level 15 in Fighting
 30229 | Vaults:1 | HP: 9/202 [Wiglaf/runed dwarven broad axe (24)]
 30232 | Vaults:1 | Shot with an arrow by a centaur warrior

Action                   |  1- 3 |  4- 6 |  7- 9 | 10-12 | 13-15 || total
-------------------------+-------+-------+-------+-------+-------++-------
Melee: Mace              |   124 |   115 |   368 |   548 |       ||  1155
       Dire flail        |       |       |       |   411 |       ||   411
       Demon whip        |       |       |       |   349 |  1507 ||  1856
Invok: Berserk           |       |       |     8 |    12 |     6 ||    26
       Trog's Hand       |       |       |     2 |     3 |     4 ||     9
       Burn Spellbooks   |       |       |       |     3 |     1 ||     4
Evoke: Wand              |       |       |    15 |     5 |     1 ||    21
  Use: Potion            |     1 |       |       |     1 |     6 ||     8
       Scroll            |       |       |    20 |    35 |    10 ||    65
 Stab: Paralysed         |       |       |     2 |       |       ||     2
